 Dungeon Crawl Stone Soup version 0.24-a0-235-g3f03afc (webtiles) character file.

Game seed: 9627883994751692807

1261 Espgualade the Ducker (level 8, -3/41 HPs)
             Began as a Tengu Ice Elementalist on Apr 8, 2019.
             Was an Initiate of Vehumet.
             Slain by a wyvern skeleton (6 damage)
             ... on level 6 of the Dungeon.
             The game lasted 00:15:56 (5600 turns).

Espgualade the Ducker (Tengu Ice Elementalist)      Turns: 5600, Time: 00:15:57

Health: -3/41      AC:  9    Str:  8    XL:     8   Next: 52%
Magic:  5/16       EV: 17    Int: 26    God:    Vehumet [......]
Gold:   355        SH:  0    Dex: 15    Spells: 3/17 levels left

rFire    x . .     SeeInvis .   f - +1 dagger (venom)
rCold    . . .     Gourm    .   (no shield)
rNeg     . . .     Faith    .   n - +0 leather armour "Cywku" {+Inv rPois rF- Int+5}
rPois    +         Spirit   .   (helmet restricted)
rElec    .         Reflect  .   (no cloak)
rCorr    .         Harm     .   s - +1 pair of gloves
MR       .....                  (boots unavailable)
Stlth    ++........             (no amulet)
HPRegen  0.13/turn              g - +1 ring of evasion
MPRegen  0.15/turn              (no ring)

@: brilliant, very slightly contaminated
A: beak, talons 3, iridescent scales 1, molten scales 1, dopey 1, able to fly
a: Fly, Renounce Religion, Evoke Invisibility


You were on level 6 of the Dungeon.
You worshipped Vehumet.
Vehumet was noncommittal.
You were not hungry.

You visited 2 branches of the dungeon, and saw 7 of its levels.

You collected 355 gold pieces.

Inventory:

Hand Weapons
 f - a +1 dagger of venom (weapon)
 q - a +1 dagger of flaming
Armour
 a - a +0 robe
 n - the +0 leather armour "Cywku" (worn) {+Inv rPois rF- Int+5}
   (You found it on level 4 of the Dungeon)

   It affects your intelligence (+5).
   It makes you vulnerable to fire.
   It protects you from poison.
   It lets you turn invisible.
 s - a +1 pair of gloves (worn)
Jewellery
 g - a +1 ring of evasion (left hand)
Wands
 h - a wand of paralysis (5)
Scrolls
 d - 4 scrolls of teleportation
 e - 2 scrolls of identify
 r - 3 scrolls of remove curse
Comestibles
 c - 8 rations


   Skills:
 - Level 7.8 Dodging
 - Level 2.0 Stealth
 + Level 5.2 Spellcasting
 - Level 1.3 Conjurations
 - Level 5.2 Ice Magic


You had 3 spell levels left.
You knew the following spells:

 Your Spells              Type           Power        Failure   Level  Hunger
a - Freeze                Ice            ####         1%          1    None
b - Throw Frost           Conj/Ice       #####.       1%          2    None
c - Ozocubu's Armour      Chrm/Ice       #####...     1%          3    #......
d - Throw Icicle          Conj/Ice       #####...     3%          4    ###....
e - Summon Ice Beast      Ice/Summ       #####...     4%          4    ###....

Your spell library contained the following spells:

 Spells                   Type           Power        Failure   Level  Hunger


Dungeon Overview and Level Annotations

Branches:
Dungeon (6/15)             Temple (1/1) D:5

Altars:
Ashenzari
Cheibriados
Dithmenos
Elyvilon
Fedhas
Gozag
Hepliaklqana
Kikubaaqudgha
Makhleb
Okawaru
Qazlal
Sif Muna
Trog
Uskayaw
Vehumet
Wu Jian
Xom
Yredelemnul
Zin
The Shining One


Innate Abilities, Weirdness & Mutations

You have a beak for a mouth.
You have claws for feet.
You can fly continuously.
You are partially covered in iridescent scales. (AC +2)
You are partially covered in molten scales. (AC +2)
You are dopey. (Int -2)


Message History

* * * LOW HITPOINT WARNING * * *
Your icy armour cracks and falls away as you move.
Casting: Ozocubu's Armour (safe; 1% risk of failure)
Confirm with . or Enter, or press ? or * to list all spells.
Aiming: Freeze (safe; 1% risk of failure)
Press: ? - help, Shift-Dir - straight line, f/p - wyvern skeleton
Aim: a wyvern skeleton (moderately damaged)
The wyvern skeleton resists.
You freeze the wyvern skeleton.
The wyvern skeleton is heavily damaged.
The wyvern skeleton closely misses you.
The wyvern skeleton bites you but does no damage.
Casting: Freeze (safe; 1% risk of failure)
Confirm with . or Enter, or press ? or * to list all spells.
Aiming: Freeze (safe; 1% risk of failure)
Press: ? - help, Shift-Dir - straight line, f/p - wyvern skeleton
Aim: a wyvern skeleton (heavily damaged)
The wyvern skeleton completely resists.
You freeze the wyvern skeleton but do no damage.
The wyvern skeleton bites you.
You die...

### ..#......#
#.#......# .........#
#.#......# #..
..#.#......#
#.#########.#.#......#
#.##......#.#@#......#
#.##.####.#.#.Z.#+##
#.##.#..#.#.#<.[...#
#.##.#....#.#......#
#.##...<..#.#......#
#)#>.......†.........
###..(......#.#...#.####
#.....................
#.....#<((..#.#####....


You could see a wyvern skeleton.

Vanquished Creatures
  Grinder (D:5)
  A wyvern (D:5)
  A centaur (D:6)
  A bullfrog (D:6)
  A scorpion (D:4)
  4 wights (D:5)
  2 hounds (D:5)
  A centaur skeleton (D:4)
  A gnoll shaman (D:4)
  3 orc priests
  A jelly (D:5)
  An orc wizard (D:3)
  An iguana (D:4)
  2 worker ants
  A worker ant zombie (D:5)
  6 gnolls
  8 adders
  An ooze (D:5)
  An adder zombie (D:5)
  3 worms
  4 dart slugs
  A leopard gecko (D:4)
  6 orcs
  6 bats
  4 giant cockroaches
  12 goblins
  4 hobgoblins
  9 kobolds
  A quokka (D:4)
  A ball python (D:3)
  A ball python skeleton (D:4)
  3 frilled lizards
  A giant cockroach zombie (D:5)
  A leopard gecko skeleton (D:4)
  2 quokka zombies
  5 rats (D:1)
102 creatures vanquished.

Notes
Turn   | Place    | Note
-------+----------+-------------------------------------------
     0 | D:1      | Espgualade the Tengu Ice Elementalist began the quest for
                  | the Orb.
     0 | D:1      | Reached XP level 1. HP: 10/10 MP: 4/4
   274 | D:1      | Reached XP level 2. HP: 15/15 MP: 3/6
   282 | D:1      | Found a snail-covered altar of Cheibriados.
   887 | D:1      | Reached XP level 3. HP: 19/19 MP: 7/7
  1183 | D:1      | Learned a level 2 spell: Throw Frost
  1187 | D:1      | Learned a level 3 spell: Ozocubu's Armour
  1311 | D:2      | Reached XP level 4. HP: 13/24 MP: 0/8
  2358 | D:3      | Reached skill level 5 in Ice Magic
  2358 | D:3      | Gained mutation: You can fly continuously. [Tengu growth]
  2358 | D:3      | Reached XP level 5. HP: 5/28 MP: 3/9
  2754 | D:3      | Reached skill level 3 in Dodging
  2858 | D:4      | Reached XP level 6. HP: 20/32 MP: 8/10
  2862 | D:4      | Got a jewelled leather armour
  2898 | D:4      | Reached skill level 4 in Dodging
  3159 | D:3      | Identified the cursed +0 leather armour "Cywku" {+Inv rPois
                  | rF- Int+5} (You found it on level 4 of the Dungeon)
  3466 | D:4      | Reached skill level 5 in Dodging
  4013 | D:4      | Gained mutation: You are dopey. (Int -2) [potion of
                  | mutation]
  4013 | D:4      | Gained mutation: You are partially covered in iridescent
                  | scales. (AC +2) [potion of mutation]
  4013 | D:4      | Gained mutation: You are partially covered in molten
                  | scales. (AC +2) [potion of mutation]
  4025 | D:4      | Reached XP level 7. HP: 36/36 MP: 5/11
  4180 | D:5      | Entered Level 5 of the Dungeon
  4213 | D:5      | Reached skill level 6 in Dodging
  4287 | D:5      | Learned a level 4 spell: Throw Icicle
  4669 | D:5      | Noticed Grinder
  4690 | D:5      | Killed Grinder
  4690 | D:5      | Reached skill level 7 in Dodging
  4754 | D:5      | Found a staircase to the Ecumenical Temple.
  4771 | Temple   | Entered the Ecumenical Temple
  4798 | Temple   | Became a worshipper of Vehumet
  5063 | D:5      | Noticed a wyvern
  5095 | D:5      | Reached XP level 8. HP: 41/41 MP: 8/13
  5119 | D:5      | Killed a wyvern
  5236 | D:5      | Learned a level 4 spell: Summon Ice Beast
  5546 | D:6      | Found a basalt altar of Yredelemnul.
  5547 | D:6      | Found a stormy altar of Qazlal.
  5547 | D:6      | Found a glowing silver altar of Zin.
  5568 | D:6      | Reached skill level 5 in Spellcasting
  5600 | D:6      | Slain by a wyvern skeleton

Levels and vault maps discovered:
D:1:      dpeg_arrival_tiny_g, layout_rooms, grunt_decor_cap, minivault_4,
          cheibriados_altar_1
D:2:      layout_basic, minmay_cut_off
D:3:      layout_rooms
D:4:      layout_cave_pools, first_ration
D:5:      layout_loops_cross, temple_hall, cheibrodos_gnoll_hut, uniq_grinder
D:6:      layout_basic, chequers_temple_overflow_statue_of_worship,
          serial_shops, shop, minmay_manual_mail, uniq_edmund
Temple:   minmay_crystal_spiral_temple

Skill      XL: |  1  2  3  4  5  6  7  8 |
---------------+-------------------------+-----
Ice Magic      | 3 4 5 |  5.2
Dodging        | 3 5 7 |  7.8
Spellcasting   | 5 |  5.2
Stealth        | |  2.0
Conjurations   | |  1.3

Action                   |  1- 3 |  4- 6 |  7- 9 || total
-------------------------+-------+-------+-------++-------
Melee: Short sword       |    26 |       |       ||    26
       Kick              |     6 |    20 |    37 ||    63
       Unarmed           |     1 |       |       ||     1
       Dagger            |    32 |    83 |   152 ||   267
       Peck              |     4 |     6 |    29 ||    39
 Cast: Freeze            |    35 |    27 |    29 ||    91
       Throw Frost       |       |     3 |     5 ||     8
       Ozocubu's Armour  |       |     3 |     6 ||     9
       Throw Icicle      |       |       |     1 ||     1
Evoke: Wand              |       |       |     2 ||     2
  Use: Scroll            |       |     7 |     3 ||    10
       Potion            |       |     7 |     5 ||    12
 Stab: Sleeping          |     4 |     3 |     1 ||     8
       Paralysed         |       |       |     6 ||     6
  Eat: Chunk             |     1 |    10 |     7 ||    18
Armor: Robe              |    17 |     3 |       ||    20
       Leather armour    |       |     7 |    34 ||    41
Dodge: Dodged            |    50 |    69 |   127 ||   246

Table legend:
 A = Non-vault XP
 B = Vault XP
 C = Vault XP percentage of total XP
 D = Non-vault monster count
 E = Vault monster count
 F = Vault count percentage of total count
                 A         B        C        D         E       F
            +---------+---------+-------+---------+---------+-------
      Total |    1421 |     381 |  21.1 |      95 |       7 |   6.9
            +---------+---------+-------+---------+---------+-------
        D:1 |      47 |       0 |   0.0 |      29 |       0 |   0.0
        D:2 |      77 |      18 |  18.9 |      14 |       3 |  17.6
        D:3 |     148 |       0 |   0.0 |      12 |       0 |   0.0
        D:4 |     350 |       0 |   0.0 |      19 |       0 |   0.0
        D:5 |     582 |     363 |  38.4 |      17 |       4 |  19.0
        D:6 |     217 |       0 |   0.0 |       4 |       0 |   0.0
            +---------+---------+-------+---------+---------+-------
